 Dungeon Crawl Stone Soup version 0.31-a0-788-ga445dbd2db (webtiles) character file.

Game seed: 14240821294744356715

2910 Descartes the Blocker (level 10, -1/96 (123) HPs)
             Began as a Formicid Fighter on Sept 18, 2023.
             Slain by Erica
             ... wielding a +3 scimitar of flaming
              (11 damage)
             ... on level 8 of the Dungeon.
             The game lasted 00:11:17 (8515 turns).

Descartes the Blocker (Formicid Fighter)            Turns: 8515, Time: 00:11:18

HP:   -1/96 (123)   AC: 25    Str: 23    XL:     10   Next: 6%
MP:   10/10         EV:  2    Int: 14    God:
Gold: 526           SH: 11    Dex: 15    Spells: 9/9 levels left

rFire   . . .        a - +0 war axe
rCold   . . .        u - +0 kite shield
rNeg    . . .        D - melded +0 plate armour
rPois   +            (helmet unavailable)
rElec   .            q - melded +2 cloak
rCorr   .            w - melded +0 pair of gloves
SInv    .            (boots currently unavailable)
Will    ++...        (no amulet)
Stlth   +            r - +6 ring of intelligence
HPRegen 0.36/turn    (no ring)
MPRegen 0.12/turn

%: clarity
@: mighty, tree-form, heavily drained
A: stationary, stasis, torment immunity, boosted hp, permanent stasis, dig
shafts and tunnels, (antennae 3), four strong arms, clarity, strong-willed 1,
(electricity resistance)
a: no special abilities


You were on level 8 of the Dungeon.
You were a tree.
You visited 2 branches of the dungeon, and saw 9 of its levels.

You collected 526 gold pieces.

Inventory:

Hand Weapons
 a - a +0 war axe (weapon)
 z - a +3 hand axe
 G - a +2 quarterstaff of chaos
 H - a +3 trident of draining
Missiles
 l - 14 poisoned darts
 C - 4 darts of dispersal
Armour
 q - a +2 cloak (melded)
 u - a +0 kite shield (worn)
 w - a +0 pair of gloves (melded)
 D - a +0 plate armour (melded)
 I - a +2 robe of positive energy
Jewellery
 r - a +6 ring of intelligence (left branch)
 x - a ring of protection from fire
 A - a ring of flight
Wands
 c - a wand of digging (5)
 e - a wand of polymorph (11)
 E - a wand of light (7)
Scrolls
 b - 2 scrolls of fog {unknown}
 f - 6 scrolls of teleportation {unknown}
 n - 2 scrolls of fear {unknown}
 o - 2 scrolls of enchant armour {unknown}
 p - a scroll of immolation {unknown}
 t - 3 scrolls of identify {unknown}
 v - 2 scrolls of poison {unknown}
 y - 2 scrolls of noise {unknown}
 F - a scroll of vulnerability {unknown}
 J - a scroll of revelation {unknown}
Potions
 d - a potion of might
 g - a potion of enlightenment {unknown}
 h - a potion of cancellation {unknown}
 i - a potion of haste {unknown}
 j - a potion of mutation
 k - 2 potions of lignification
 m - 2 potions of curing
 s - a potion of brilliance {unknown}
 B - a potion of attraction {unknown}


   Skills:
 + Level 8.5 Fighting
 - Level 5.0 Axes
 + Level 8.5 Armour
 + Level 10.1 Shields


You had 9 spell levels left.
You didn't know any spells.
Your spell library contained the following spells:

 Spells                   Type           Power      Damage    Failure   Level
 Scorch                   Fire           0%         2d5       58%         2
 Static Discharge         Conj/Air       0%         2-2/arc   58%         2
 Hailstorm                Conj/Ice       0%         3d3       83%         3
 Airstrike                Air            0%         2d(0-16)  99%         4
 Flame Wave               Conj/Fire      0%         2d4       99%         4
 Manifold Assault         Tloc           0%         N/A       99%         4
 Summon Ice Beast         Ice/Summ       0%         N/A       99%         4
 Summon Lightning Spire   Summ/Air       0%         N/A       99%         4
 Simulacrum               Ice/Necr       0%         N/A       100%        6
 Summon Cactus Giant      Summ           0%         N/A       100%        6
 Blink                    Tloc           Unusable   N/A       N/A         2

Dungeon Overview and Level Annotations

Branches:
Dungeon (8/15)             Temple (1/1) D:6
   Lair: D:8-11

Altars:
Ashenzari
Cheibriados
Dithmenos
Elyvilon
Fedhas
Hepliaklqana
Kikubaaqudgha
Makhleb
Okawaru
Qazlal
Ru
Trog
Uskayaw
Vehumet
Wu Jian
Xom
Yredelemnul
Zin
The Shining One

Shops:
D:6 *

Annotations:
D:8 Erica


Innate Abilities, Weirdness & Mutations

You are a tree.
Your roots penetrate the ground, keeping you stationary.
You cannot be teleported.
You are immune to unholy pain and torment.
Your maximum health is greatly increased.
Your equipment is partially melded.
You cannot be hasted, slowed, berserked, paralysed or teleported.
You can dig through walls and to a lower floor.
((You have a pair of large antennae on your head. (SInv)))
Your four strong arms can wield two-handed weapons with a shield.
You possess an exceptional clarity of mind.
You are strong-willed. (Will+)
((You are resistant to electric shocks. (rElec)))


Message History

Erica gestures at you while chanting. You resist with almost no effort.
You closely miss Erica.
Erica is lightly wounded.
Erica gestures at you while chanting. You resist with almost no effort.
Erica points at you and mumbles some strange words.
The bolt of poison hits you. You resist.
* * * LOW HITPOINT WARNING * * *
You slash Erica!
Erica is moderately wounded.
You block Erica's attack.
You feel very mighty all of a sudden. You block Erica's attack.
You closely miss Erica.
Erica is moderately wounded.
Erica mumbles some strange words.
Erica flickers and vanishes!
Deactivating autopickup; reactivate with Ctrl-A.
You cannot move.
Unknown command.
Okay, then.
Autopickup is now on.
You cannot move.
You cannot move.
Unknown command.
You cannot move.
You cannot move.
You cannot move.
You cannot move.
Deactivating autopickup; reactivate with Ctrl-A.
You miss something. You block something's attack. Something hits you.
* * * LOW HITPOINT WARNING * * *
Something burns you.
* * * LOW HITPOINT WARNING * * *
You hit something. Something hits you but does no damage.
You closely miss something. Something hits you but does no damage.
You barely miss something. Something hits you but does no damage.
Something hits you!
You die...

#.. ....##### #.#
#....... #.#
##...#..
####.###........
#........##....##
#.##.######.....#.#
#.##..............#
#.##.#######{.#
#.##........♣.#
#.###########.#
##.## +# # #...# #
#...## # #....##
####.#...###
............+
####.#...####


There were no monsters in sight!

Vanquished Creatures
  Prince Ribbit (D:6)
  A steam dragon (D:7)
  Menkaure (D:5)
  A water moccasin (D:8)
  2 orc warriors
  A tengu (D:8)
  2 kobold brigands
  Blork the orc (D:6)
  5 bullfrogs
  3 scorpions
  3 wights (D:6)
  4 killer bees
  A gnoll bouda (D:5)
  5 hounds
  3 orc priests
  3 jellies
  A sleepcap (D:6)
  Crazy Yiuf (D:7)
  2 iguanas (D:7)
  8 orc wizards
  9 gnolls
  13 adders
  A white imp (D:7)
  An ufetubus (D:4)
  4 worms
  4 dart slugs
  37 orcs
  8 ball pythons
  9 bats
  13 endoplasms
  7 giant cockroaches
  6 goblins
  8 hobgoblins
  3 quokkas
  3 frilled lizards
  21 kobolds
  8 rats
204 creatures vanquished.

Notes
Turn   | Place    | Note
-------+----------+-------------------------------------------
     0 | D:1      | Descartes the Formicid Fighter began the quest for the Orb.
     0 | D:1      | Reached XP level 1. HP: 18/18 MP: 1/1
   138 | D:1      | Reached XP level 2. HP: 24/24 MP: 2/2
   375 | D:1      | Reached XP level 3. HP: 29/29 MP: 3/3
   901 | D:2      | Reached XP level 4. HP: 33/37 MP: 4/4
   932 | D:2      | Found a faded altar of an unknown god.
  1472 | D:2      | Reached skill level 5 in Shields
  1472 | D:2      | Reached XP level 5. HP: 25/42 MP: 5/5
  1903 | D:3      | Reached XP level 6. HP: 39/49 MP: 6/6
  3109 | D:4      | Reached XP level 7. HP: 30/55 MP: 7/7
  3321 | D:4      | Reached skill level 5 in Armour
  3353 | D:4      | Found a burning altar of Makhleb.
  3612 | D:5      | Entered Level 5 of the Dungeon
  3619 | D:5      | Noticed Menkaure
  3803 | D:5      | Killed Menkaure
  3804 | D:5      | Reached skill level 5 in Fighting
  3804 | D:5      | Reached skill level 6 in Shields
  4338 | D:4      | Reached XP level 8. HP: 39/63 MP: 8/8
  4754 | D:5      | Reached skill level 7 in Shields
  4814 | D:5      | Found a blossoming altar of Fedhas.
  5090 | D:6      | Reached skill level 5 in Axes
  5353 | D:6      | Found a snail-covered altar of Cheibriados.
  5596 | D:6      | Reached skill level 8 in Shields
  5756 | D:6      | Reached XP level 9. HP: 66/71 MP: 9/9
  5775 | D:6      | Found Oseopuor's Overcharged Wands.
  5839 | D:6      | Noticed Prince Ribbit
  5854 | D:6      | Killed Prince Ribbit
  6064 | D:6      | Noticed Blork the orc
  6364 | D:6      | Killed Blork the orc
  6733 | D:6      | Found a staircase to the Ecumenical Temple.
  6739 | Temple   | Entered the Ecumenical Temple
  6881 | D:7      | Reached skill level 9 in Shields
  7534 | D:7      | Found a runed translucent door.
  7535 | D:7      | Noticed Crazy Yiuf
  7543 | D:7      | Killed Crazy Yiuf
  7620 | D:8      | Noticed Jeremiah
  8070 | D:8      | Jeremiah changed into Jeremiah the tengu
  8070 | D:8      | Noticed Jeremiah
  8094 | D:8      | Killed Jeremiah the tengu
  8095 | D:8      | Reached skill level 10 in Shields
  8095 | D:8      | Reached XP level 10. HP: 17/60 MP: 10/10
  8500 | D:8      | Noticed Erica
  8507 | D:8      | Gained mutation: You are resistant to electric shocks.
                  | (rElec) [potion of mutation]
  8507 | D:8      | Gained mutation: You are strong-willed. (Will+) [potion of
                  | mutation]
  8507 | D:8      | Gained mutation: You possess an exceptional clarity of
                  | mind. [potion of mutation]
  8515 | D:8      | Slain by Erica

Illustrated notes

Levels and vault maps discovered:
D:1:      dpeg_arrival_orchard, layout_rooms
D:2:      cheibrodos_fertilizer, layout_basic, shapermc_ecumenical_altar_gd,
          grunt_ministairs_9, nicolae_eternal_life, hangedman_glass_teeth,
          hangedman_feature_mirror
D:3:      layout_basic
D:4:      layout_loops_corners, bloody_makhleb
D:5:      layout_cave_pods, overflow_temple_1_default, saegor_snake_ambush,
          uniq_menkaure
D:6:      cheibrodos_quashed, layout_layer_cave, cheibriados_altar_1,
          minmay_temple_entry_fiery, nicolae_shop_overcharged_wands,
          uniq_blork_the_orc, uniq_prince_ribbit1
D:7:      layout_cave_pools, uniq_crazy_yiuf_cottage
D:8:      layout_loops_corners, uniq_erica, uniq_jeremiah, uniq_joseph
Temple:   nicolae_temple_elliptical

Skill      XL: |  1  2  3  4  5  6  7  8  9 |
---------------+----------------------------+-----
Fighting       | 4 5 6 8 |  8.5
Armour         | 4 5 6 8 |  8.5
Shields        | 5 6 8 10 | 10.1
Axes           | 3 4 5 |  5.0

Action                     |  1- 3 |  4- 6 |  7- 9 | 10-12 || total
---------------------------+-------+-------+-------+-------++-------
  Melee: War axe           |   108 |   172 |   351 |    46 ||   677
  Evoke: Wand              |       |       |     1 |       ||     1
    Use: Potion            |       |       |       |     4 ||     4
 Armour: Scale mail        |    79 |     3 |       |       ||    82
         Chain mail        |       |   167 |   196 |       ||   363
         Plate armour      |       |       |   170 |    26 ||   196
         Skin              |       |       |       |     7 ||     7
  Dodge: Dodged            |    51 |    85 |   118 |    10 ||   264
  Block: Buckler           |    41 |    34 |       |       ||    75
         Kite shield       |       |    34 |   271 |    30 ||   335

Table legend: (Time is in decaauts)
 A = Elapsed time spent in this place.
 B = Non-inter-level travel time spent in this place.
 C = Inter-level travel time spent in this place.
 D = Time resting spent in this place.
 E = Time spent auto-exploring this place.
 F = Levels seen in this place.
 G = Mean time per level.
                   A        B        C        D        E       F      G
               +--------+--------+--------+--------+--------+-----+--------+
         Total |   8804 |   8599 |    205 |      0 |   6864 |   9 |  978.2 |
       Dungeon |   8800 |   8595 |    205 |      0 |   6864 |   8 | 1100.0 |
        Temple |      3 |      3 |      0 |      0 |      0 |   1 |    3.0 |
               +--------+--------+--------+--------+--------+-----+--------+

Top non-repeatable levels by time:
     D:6: 1697 daAuts
     D:4: 1480 daAuts
     D:5: 1413 daAuts
     D:7: 1100 daAuts
     D:2: 1097 daAuts
     D:3: 833 daAuts
     D:8: 601 daAuts
     D:1: 576 daAuts
  Temple: 3 daAuts
